 Dungeon Crawl Stone Soup version 0.29.1-12-g30fa7ad0bf (webtiles) character file.

Game seed: 16341653601224495358

5720 GameOver the Covert (level 10, -1/112 HPs)
             Began as a Naga Hedge Wizard on Jan 14, 2023.
             Was an Initiate of Kikubaaqudgha.
             Slain by a six-headed hydra (5 damage)
             ... on level 7 of the Dungeon.
             The game lasted 01:03:39 (9707 turns).

GameOver the Covert (Naga Hedge Wizard)             Turns: 9707, Time: 01:03:40

Health: -1/112     AC: 25    Str: 15    XL:     10   Next: 76%
Magic:  21/21      EV:  1    Int: 19    God:    Kikubaaqudgha [......]
Gold:   824        SH:  0    Dex: 10    Spells: 17/24 levels left

rFire   . . .      SeeInvis +   w - +9 hammer "Quurch" {vorpal, rElec rPois Str+2}
rCold   . . .      Faith    .   (no shield)
rNeg    + . .      Spirit   .   (body armour currently unavailable)
rPois   +          Reflect  .   (helmet currently unavailable)
rElec   +          Harm     .   (cloak currently unavailable)
rCorr   .          Rampage  .   (gloves currently unavailable)
Will    +....      NoTele   +   (no barding)
Stlth   +++++.....              (no amulet)
HPRegen 0.28/turn               h - +4 ring of evasion
MPRegen 0.17/turn               C - ring of positive energy

@: mighty, tree-form
A: stationary, stasis, torment immunity, boosted hp, AC +3, large, see
invisible, (deformed body), (poison resistance), (slowness 2), spit poison 1,
(naga tail 1)
a: Spit Poison, Renounce Religion


You were on level 7 of the Dungeon.
You worshipped Kikubaaqudgha.
Kikubaaqudgha was noncommittal.
You were a tree.
You visited 2 branches of the dungeon, and saw 9 of its levels.

You collected 824 gold pieces.

Inventory:

Hand Weapons
 f - a +3 quarterstaff of chaos
 w - the +9 hammer "Quurch" (weapon) {vorpal, rElec rPois Str+2}
   (You found it on level 3 of the Dungeon)

   It inflicts extra damage upon your enemies.
   Str:       It affects your strength (+2).
   rElec:     It insulates you from electricity.
   rPois:     It protects you from poison.
 K - a +0 whip of electrocution
 Q - a +0 scimitar of flaming
 W - a +4 dagger
Missiles
 N - a throwing net
Armour
 b - a +0 robe (melded)
 c - a +0 hat (melded)
 p - a +0 buckler
 v - a +0 cloak (melded)
 G - a +0 leather armour
 V - a +0 pair of gloves (melded)
Magical Staves
 e - a staff of air
 H - a staff of earth
Jewellery
 h - a +4 ring of evasion (left branch)
 C - a ring of positive energy (right branch)
 I - a ring of resist corrosion
 L - a ring of fire
Wands
 q - a wand of flame (27)
 D - a wand of mindburst (17)
 P - a wand of acid (12)
Scrolls
 a - a scroll of blinking {unknown}
 g - 4 scrolls of teleportation
 i - a scroll of fear
 j - a scroll of torment {unknown}
 k - 3 scrolls of immolation
 o - 5 scrolls of fog
 x - 2 scrolls of poison
 y - 2 scrolls of magic mapping
 A - a scroll of brand weapon {unknown}
 F - a scroll of enchant armour {unknown}
 M - 2 scrolls of noise
 O - a scroll of identify
 S - a scroll of summoning {unknown}
 T - a scroll of vulnerability {unknown}
Potions
 d - a potion of magic
 m - 2 potions of mutation
 n - 2 potions of flight
 s - a potion of ambrosia {unknown}
 u - a potion of resistance {unknown}
 z - a potion of degeneration {unknown}
 B - 3 potions of haste
 E - 3 potions of brilliance
 J - 4 potions of curing


   Skills:
 + Level 7.9 Maces & Flails
 - Level 1.5 Dodging
 - Level 12.0 Stealth
 + Level 7.8 Spellcasting
 - Level 6.0 Conjurations
 - Level 1.0 Summonings
 + Level 1.0 Necromancy
 - Level 3.0 Translocations
 - Level 6.0 Poison Magic


You had 17 spell levels left.
You knew the following spells:

 Your Spells              Type           Power      Damage    Failure   Level
a - Magic Dart            Conj           100%       1d8       1%          1
b - Blink                 Tloc           36%        N/A       4%          2
c - Apportation           Tloc           36%        N/A       2%          1
d - Mephitic Cloud        Conj/Pois/Air  22%        N/A       5%          3

Your spell library contained the following spells:

 Spells                   Type           Power      Damage    Failure   Level
 Necrotise                Necr           44%        1d6       6%          1
 Summon Small Mammal      Summ           44%        N/A       6%          1
 Conjure Flame            Conj/Fire      18%        6-21      9%          3
 Slow                     Hex            28%        N/A       10%         1
 Call Imp                 Summ           11%        N/A       10%         2
 Vampiric Draining        Necr           11%        2d6       19%         3
 Passage of Golubria      Tloc           18%        N/A       26%         4
 Agony                    Necr           11%        N/A       86%         5
 Silence                  Hex/Air        3%         N/A       95%         5
 Lehudib's Crystal Spear  Conj/Erth      9%         10d4      100%        8


Dungeon Overview and Level Annotations

Branches:
Dungeon (8/15)             Temple (1/1) D:7
   Lair: D:8-11

Altars:
Cheibriados
Dithmenos
Elyvilon
Fedhas
Gozag
Hepliaklqana
Kikubaaqudgha
Makhleb
Nemelex Xobeh
Okawaru
Qazlal
Ru
Sif Muna
Trog
Uskayaw
Vehumet
Wu Jian
Xom
Yredelemnul
Zin
The Shining One

Shops:
D:4 =   D:8 :

Annotations:
Temple 2 transporters


Innate Abilities, Weirdness & Mutations

You are a tree.
Your roots penetrate the ground, keeping you stationary.
You cannot be teleported.
You are immune to unholy pain and torment.
Your maximum health is greatly increased.
Your equipment is partially melded.
((Your serpentine skin is tough. (AC +3)))
You have supernaturally acute eyesight. (SInv)
((Armour fits poorly on your strangely shaped body.))
((Your system is resistant to poisons. (rPois)))
((You cover ground very slowly.))
You can spit poison.
((You have a snake-like lower body.))


Message History

The six-headed hydra bites you but does no damage. x2
Unknown command.
Unknown command.
Unknown command.
You barely miss the six-headed hydra.
The six-headed hydra is heavily wounded.
The six-headed hydra bites you!
* * * LOW HITPOINT WARNING * * *
The six-headed hydra bites you.
* * * LOW HITPOINT WARNING * * *
The six-headed hydra bites you!
* * * LOW HITPOINT WARNING * * *
The six-headed hydra bites you but does no damage. x3
You feel much better.
The six-headed hydra bites you but does no damage. x3
The six-headed hydra completely misses you.
The six-headed hydra bites you but does no damage.
The six-headed hydra bites you.
* * * LOW HITPOINT WARNING * * *
You feel very mighty all of a sudden.
The six-headed hydra bites you but does no damage. x3
The six-headed hydra bites you!
* * * LOW HITPOINT WARNING * * *
The six-headed hydra bites you but does no damage. x2
You feel much better. The six-headed hydra bites you!
* * * LOW HITPOINT WARNING * * *
The six-headed hydra bites you but does no damage.
The six-headed hydra bites you.
* * * LOW HITPOINT WARNING * * *
The six-headed hydra bites you!
* * * LOW HITPOINT WARNING * * *
The six-headed hydra bites you but does no damage. x2
You sock the six-headed hydra!
The six-headed hydra is severely wounded.
The six-headed hydra bites you!
* * * LOW HITPOINT WARNING * * *
The six-headed hydra bites you but does no damage.
The six-headed hydra bites you.
You die...
Kikubaaqudgha rasps: "You have failed me!
Welcome... death!"

#....###...........#.....
#.#####............#..... ####.#
#####).......##...# #....###
##..........#.. #......#
#............. ####......#####
#...........[.
#......_..)...####..###........
#.###......##..................
#.# #......##.♣D...............
#.# ###....##...........#......
#.# #.#####..........####..##
###.#####.#####.............(....
#.)......................##......
..##.........#..####.#....#......
.####............#...#.#.........
## #######.###..........#..>....
#####.##.....###...........


You could see a six-headed hydra.

Vanquished Creatures
  Erica (D:8)
  A manticore (D:8)
  A gargoyle (D:7)
  A troll (D:7)
  A hornet (D:7)
  A shadow (D:7)
  A yak (D:7)
  A wraith (D:7)
  A steam dragon (D:7)
  2 water moccasins
  An ice beast (D:5)
  A sky beast (D:7)
  2 orc warriors
  4 black bears
  2 ogres
  2 centaurs
  Blork the orc (D:4)
  A kobold brigand (D:7)
  4 necrophages
  3 bullfrogs (D:7)
  3 scorpions
  12 killer bees
  3 howler monkeys
  A crimson imp (D:4)
  4 jellies
  3 hounds
  4 orc priests
  The ghost of ababab the Vexing, a weakling FeEn (D:3)
  Crazy Yiuf (D:3)
  A gnoll bouda (D:8)
  An orc wizard (D:7)
  9 gnolls
  8 adders
  A shadow imp (D:7)
  2 white imps
  2 ufetubi
  4 worms
  5 dart slugs
  9 orcs
  9 endoplasms
  7 giant cockroaches
  5 goblins
  10 hobgoblins
  8 jackals
  8 quokkas
  8 ball pythons
  4 bats
  5 frilled lizards
  10 kobolds
  8 rats
188 creatures vanquished.

Vanquished Creatures (collateral kills)
  A killer bee (D:8)
1 creature vanquished.

Vanquished Creatures (others)
  A killer bee (D:8)
  3 fungi (D:3)
  5 plants (D:7)
9 creatures vanquished.

Grand Total: 198 creatures vanquished

Notes
Turn   | Place    | Note
-------+----------+-------------------------------------------
     0 | D:1      | GameOver the Naga Hedge Wizard began the quest for the Orb.
     0 | D:1      | Reached XP level 1. HP: 15/15 MP: 4/4
   151 | D:1      | Reached XP level 2. HP: 22/22 MP: 4/6
   718 | D:1      | Found a faded altar of an unknown god.
   830 | D:1      | Reached XP level 3. HP: 28/28 MP: 2/7
  1681 | D:2      | Learned a level 2 spell: Blink
  1685 | D:2      | Learned a level 3 spell: Mephitic Cloud
  2060 | D:2      | Reached XP level 4. HP: 36/36 MP: 8/8
  2158 | D:2      | Reached skill level 1 in Poison Magic
  2244 | D:2      | Found a shimmering altar of Xom.
  3117 | D:3      | Noticed a black bear
  3355 | D:3      | Found a faded altar of an unknown god.
  3364 | D:3      | Found a shadowy altar of Dithmenos.
  3524 | D:3      | Found a runed translucent door.
  3549 | D:3      | Found a runed translucent door.
  3550 | D:3      | Noticed Crazy Yiuf
  3551 | D:3      | Identified the +9 hammer "Quurch" {vorpal, rElec rPois
                  | Str+2}
  3577 | D:3      | Noticed ababab's ghost (weakling FeEn)
  3753 | D:4      | Noticed Blork the orc
  3784 | D:4      | Noticed an ogre
  3935 | D:3      | Reached XP level 5. HP: 39/42 MP: 9/9
  3944 | D:3      | Killed ababab's ghost
  4025 | D:4      | Killed an ogre
  4026 | D:4      | Reached skill level 4 in Stealth
  4026 | D:4      | Reached XP level 6. HP: 47/49 MP: 1/10
  4070 | D:4      | Reached skill level 5 in Stealth
  4235 | D:3      | Killed Crazy Yiuf
  4734 | D:4      | Found Kyfair's Jewellery Emporium.
  5201 | D:4      | Killed Blork the orc
  5202 | D:4      | Reached skill level 5 in Conjurations
  5202 | D:4      | Reached XP level 7. HP: 55/55 MP: 1/11
  5382 | D:3      | Reached skill level 6 in Stealth
  5457 | D:3      | Reached skill level 5 in Poison Magic
  5623 | D:5      | Entered Level 5 of the Dungeon
  5872 | D:5      | Reached skill level 7 in Stealth
  5986 | D:5      | Reached XP level 8. HP: 35/62 MP: 9/12
  6722 | D:6      | Reached skill level 1 in Maces & Flails
  6756 | D:6      | Reached skill level 8 in Stealth
  7243 | D:7      | Noticed a troll
  7357 | D:7      | Killed a troll
  7358 | D:7      | Reached skill level 9 in Stealth
  7358 | D:7      | Reached XP level 9. HP: 68/68 MP: 2/15
  7504 | D:7      | Reached skill level 10 in Stealth
  7510 | D:7      | Noticed a gargoyle
  7513 | D:7      | Killed a gargoyle
  7531 | D:7      | Reached skill level 5 in Spellcasting
  7639 | D:7      | Found a sparkling altar of Nemelex Xobeh.
  7666 | D:7      | Reached skill level 11 in Stealth
  7670 | D:7      | Learned a level 1 spell: Apportation
  7670 | D:7      | Noticed a six-headed hydra
  7739 | D:7      | Reached skill level 5 in Maces & Flails
  7814 | D:7      | Noticed a hornet
  7824 | D:7      | Killed a hornet
  8081 | D:8      | Reached XP level 10. HP: 75/75 MP: 12/19
  8093 | D:8      | Reached skill level 12 in Stealth
  8374 | D:8      | Found Fezearec's Self-Improvement Boutique.
  8642 | D:8      | Noticed Erica
  8644 | D:8      | Noticed a manticore
  8657 | D:8      | Killed a manticore
  8667 | D:8      | Killed Erica
  9418 | D:7      | Found a staircase to the Ecumenical Temple.
  9427 | Temple   | Entered the Ecumenical Temple
  9427 | Temple   | Found a transporter.
  9427 | Temple   | Found a transporter.
  9429 | Temple   | Found a transporter.
  9429 | Temple   | Found a transporter.
  9451 | Temple   | Became a worshipper of Kikubaaqudgha
  9482 | D:7      | Found a basalt altar of Yredelemnul.
  9604 | D:7      | Reached skill level 1 in Necromancy
  9707 | D:7      | HP: 4/112 [six-headed hydra (12)]
  9707 | D:7      | Slain by a six-headed hydra

Illustrated notes

Levels and vault maps discovered:
D:1:      pf_arrival_petrified_forest, layout_loops_corners,
          hellmonk_ecumenical_altar_heavens_door
D:2:      layout_basic, basic_altar
D:3:      layout_basic, nicolae_overflow_ecumenical_swirl,
          ebering_ghost_sewer_d, dk_noncrumbling_2, minmay_joined_circles,
          uniq_crazy_yiuf_cottage
D:4:      layout_loops_corners, serial_shops, kennysheep_mini,
          chequers_serial_rivers_micro_d, grunt_ministairs_10,
          minmay_fire_ice_demons, uniq_blork_the_orc
D:5:      layout_loops_ring
D:6:      layout_rooms
D:7:      layout_rooms, nicolae_overflow_crystal_walls,
          yredelemnul_altar_generic, minmay_temple_entry_overgrown, st_stairs_2,
          minmay_the_grid_2x2 [minmay_the_grid_holed_spiral,
          minmay_the_grid_dragon_b, minmay_the_grid_medium_cups,
          minmay_the_grid_prize_big_room]
D:8:      layout_basic, nicolae_shop_self_help, uniq_erica
Temple:   hellmonk_temple_divided_pantheon

Skill      XL: |  1  2  3  4  5  6  7  8  9 10 |
---------------+-------------------------------+-----
Conjurations   | 2 3 4 5 6 |  6.0
Poison Magic   | 2 3 4 5 6 |  6.0
Stealth        | 4 5 7 9 11 12 | 12.0
Maces & Flails | 3 5 7 |  7.9
Translocations | 3 |  3.0
Spellcasting   | 4 6 7 |  7.8
Necromancy     | 1 |  1.0
Dodging        | |  1.5
Summonings     | |  1.0

Action                   |  1- 3 |  4- 6 |  7- 9 | 10-12 || total
-------------------------+-------+-------+-------+-------++-------
Melee: Short sword       |     6 |     7 |       |       ||    13
       Mace              |       |    23 |   104 |    54 ||   181
       Punch             |       |       |     1 |       ||     1
       Dagger            |       |       |       |     1 ||     1
 Cast: Magic Dart        |    70 |    86 |    84 |    19 ||   259
       Mephitic Cloud    |       |     4 |    27 |    16 ||    47
       Blink             |       |       |     3 |     1 ||     4
 Abil: Spit Poison       |    34 |    35 |    46 |    21 ||   136
Evoke: Wand              |       |       |    11 |     1 ||    12
  Use: Potion            |       |     1 |       |     5 ||     6
       Scroll            |       |     4 |     5 |     5 ||    14
 Stab: Confused          |       |       |     7 |     6 ||    13
       Sleeping          |       |       |       |     1 ||     1
Armor: Robe              |     6 |     2 |    24 |     9 ||    41
       Skin              |       |       |       |    34 ||    34
Dodge: Dodged            |     7 |    19 |    67 |    28 ||   121
